 Dungeon Crawl Stone Soup version 0.29.0-15-g675c0067aa (webtiles) character file.

Game seed: 15964040674875566731

250 sentinel the Digger (level 6, -1/45 HPs)
             Began as a Meteoran Earth Elementalist on Sept 11, 2022.
             Slain by a centaur (3 damage)
             ... on level 6 of the Dungeon.
             The game lasted 00:03:37 (639 turns).

sentinel the Digger (Meteoran Earth Elementalist)    Turns: 639, Time: 00:03:38

Health: -1/45      AC:  3    Str:  9    XL:     6   Next: 62%
Magic:  2/12       EV: 12    Int: 19    God:
Gold:   15         SH:  0    Dex: 15    Spells: 6/12 levels left

rFire   . . .      SeeInvis .   l - +3 dagger (protect)
rCold   . . .      Faith    .   (no shield)
rNeg    . . .      Spirit   .   a - +0 robe
rPois   .          Reflect  .   h - +0 helmet
rElec   .          Harm     .   (no cloak)
rCorr   .          Rampage  .   (no gloves)
Will    .....                   (no boots)
Stlth   +.........              (no amulet)
HPRegen 0.15/turn               (no ring)
MPRegen 0.13/turn               (no ring)

@: glowing
A: sense surroundings 1, otherworldly, glowing, explore regen
a: no special abilities


You were on level 6 of the Dungeon.
You visited 1 branch of the dungeon, and saw 6 of its levels.

You collected 15 gold pieces.

Inventory:

Hand Weapons
 g - a +0 short sword
 l - a +3 dagger of protection (weapon)
Armour
 a - a +0 robe (worn)
 h - a +0 helmet (worn)
 p - an orb of guile
Wands
 A - a wand of light (8)
Scrolls
 f - 2 scrolls of poison
 i - 2 scrolls of amnesia
 m - a scroll of brand weapon
 t - 2 scrolls of teleportation
Potions
 b - a potion of magic
 c - 2 potions of lignification
 d - a potion of heal wounds {unknown}
 e - a potion of brilliance {unknown}
 k - 2 potions of mutation {unknown}
 n - a potion of attraction {unknown}
 q - 3 potions of curing


   Skills:
 - Level 2.4 Dodging
 - Level 1.4 Stealth
 + Level 3.9 Spellcasting
 * Level 3.9 Conjurations
 - Level 1.2 Transmutations
 + Level 6.1 Earth Magic


You had 6 spell levels left.
You knew the following spells:

 Your Spells              Type           Power      Damage    Failure   Level
a - Sandblast             Erth           54%        2d13      1%          1
b - Stone Arrow           Conj/Erth      44%        3d9       5%          3
c - Passwall              Tmut/Erth      14%        N/A       4%          2

Your spell library contained the following spells:

 Spells                   Type           Power      Damage    Failure   Level
 Petrify                  Tmut/Erth      17%        N/A       30%         4


Dungeon Overview and Level Annotations

Branches:
Dungeon (6/15) Zot: 2924
 Temple: D:4-7

Altars:
Dithmenos
Hepliaklqana
Qazlal
Uskayaw
The Shining One

Shops:
D:4 (


Innate Abilities, Weirdness & Mutations

You passively map a small area around you.
You are easily found by Zot.
You glow in the dark.
You regain HP and MP as you explore.


Message History

The goblin throws a stone.
The stone hits you.
You can't see any susceptible monsters within range! (Use Z to cast anyway.)
You can't see any susceptible monsters within range! (Use Z to cast anyway.)
The blast of sand hits the goblin!
You kill the goblin!
You can't see any susceptible monsters within range! (Use Z to cast anyway.)
A - a wand of light (8);
k - 2 grey potions;
o - a scroll labelled EHEH ONOGH
Items here: $ ( )) [ †.
Okay, then.
Okay, then.
Unknown command.
p - an orb of guile You now have 15 gold pieces.
A giant cockroach comes into view.
A giant cockroach is nearby!
A giant cockroach is nearby!
A hound comes into view.
The hound enters a dispersal trap!
You blink.
You can't see any susceptible monsters within range! (Use Z to cast anyway.)
You can't see any susceptible monsters within range! (Use Z to cast anyway.)
The blast of sand hits the hound!
The hound is severely wounded.
The blast of sand hits the hound!
You kill the hound!
The blast of sand hits the giant cockroach!
You kill the giant cockroach!
You can't see any susceptible monsters within range! (Use Z to cast anyway.)
You can't see any susceptible monsters within range! (Use Z to cast anyway.)
Things that are here:
a giant cockroach corpse; a hound corpse
Found 18 gold pieces.
An orc comes into view. It is wielding a +0 hand axe.
Found a falchion.
The orc shouts!
The blast of sand hits the orc!
You kill the orc!
You can't see any susceptible monsters within range! (Use Z to cast anyway.)
You can't see any susceptible monsters within range! (Use Z to cast anyway.)
Found a potion of lignification.
A giant cockroach comes into view.
The blast of sand hits the giant cockroach!
You kill the giant cockroach!
You can't see any susceptible monsters within range! (Use Z to cast anyway.)
You can't see any susceptible monsters within range! (Use Z to cast anyway.)
You see here a giant cockroach corpse.
c - 2 potions of lignification (gained 1)
Found a scroll labelled ZOJAYW IHUNTEGH.
Found a stone staircase leading down.
r - a scroll labelled ZOJAYW IHUNTEGH
There is a stone staircase leading down here.
There is a stone staircase leading down here.
You climb downwards.
Found a scroll labelled XIRA EKEFOO.
There is a stone staircase leading up here.
Found 17 gold pieces.
s - a scroll labelled XIRA EKEFOO
Found a hide-covered altar of Uskayaw.
Found a stormy altar of Qazlal.
Found a glowing golden altar of the Shining One.
Found a scroll of poison.
f - 2 scrolls of poison (gained 1)
Found a stone staircase leading down.
Found a stone staircase leading down.
There is a stone staircase leading down here.
As you read the scroll labelled EHEH ONOGH, it crumbles to dust.
It is a scroll of enchant weapon.
Your +2 dagger of protection glows red for a moment.
As you read the scroll labelled BUANNO ZAOG, it crumbles to dust.
The scroll dissolves into smoke.
It was a scroll of fog.
As you read the scroll labelled ZOJAYW IHUNTEGH, it crumbles to dust.
You hear a loud clanging noise!
It was a scroll of noise.
You hear a shout! x3
As you read the scroll labelled XIRA EKEFOO, it crumbles to dust.
A profound silence engulfs you.
It was a scroll of silence.
Your hearing returns.
There is a stone staircase leading down here.
You climb downwards.
Found 15 gold pieces.
There is a stone staircase leading up here.
An orc comes into view. It is wielding a +0 short sword.
Found a stone staircase leading up.
The orc shouts!
The blast of sand hits the orc!!
You kill the orc!
You can't see any susceptible monsters within range! (Use Z to cast anyway.)
You can't see any susceptible monsters within range! (Use Z to cast anyway.)
There is a stone staircase leading up here.
You see here 15 gold pieces.
Found a stone staircase leading down.
Found a scroll of enchant weapon.
Found 12 gold pieces and a scroll labelled ZIRAYZ OLE.
A centaur comes into view.
The centaur shouts!
The centaur wields a +0 shortbow.
The centaur shoots an arrow.
The arrow hits you.
The centaur shoots an arrow.
The arrow misses you.
The centaur shoots an arrow.
The arrow completely misses you.
The centaur shoots an arrow.
The arrow hits you!
The centaur shoots an arrow.
The arrow hits you.
A white imp comes into view.
The centaur shoots an arrow.
The arrow hits you!
The centaur shoots an arrow.
The arrow hits you.
The centaur shoots an arrow.
The arrow closely misses you.
The blast of sand hits the white imp.
The white imp is heavily wounded.
The white imp gestures at you. The puff of frost hits you.
The centaur unwields a +0 shortbow.
The centaur hits you.
The centaur kicks you but does no damage.
The white imp misses you.
Casting: Sandblast (safe; 1% risk of failure)
Confirm with . or Enter, or press ? or * to list all spells.
Aiming: Stone Arrow (dangerous; 5% risk of failure)
Press: ? - help, Shift-Dir - straight line, f - centaur, p - white imp
Aim: a centaur (83% to hit)
The stone arrow hits the centaur!
The centaur is heavily wounded.
The centaur hits you.
The centaur kicks you but does no damage.
The centaur hits you. The centaur misses you. The white imp barely misses you.
Casting: Stone Arrow (dangerous; 5% risk of failure)
Confirm with . or Enter, or press ? or * to list all spells.
Aiming: Sandblast (safe; 1% risk of failure)
Press: ? - help, Shift-Dir - straight line, f/p - centaur
Aim: a centaur (heavily wounded, 90% to hit)
Okay, then.
Casting: Sandblast (safe; 1% risk of failure)
Confirm with . or Enter, or press ? or * to list all spells.
Aiming: Stone Arrow (dangerous; 5% risk of failure)
Press: ? - help, Shift-Dir - straight line, f - white imp, p - centaur
Aim: a white imp (heavily wounded, 71% to hit)
The stone arrow hits the white imp.
The white imp is almost dead.
The centaur hits you.
* * * LOW HITPOINT WARNING * * *
The centaur closely misses you. The white imp gestures at you.
The puff of frost hits you!
* * * LOW HITPOINT WARNING * * *
HP warning!
Casting: Stone Arrow (dangerous; 5% risk of failure)
Confirm with . or Enter, or press ? or * to list all spells.
Aiming: Stone Arrow (dangerous; 5% risk of failure)
Press: ? - help, Shift-Dir - straight line, f/p - white imp
Aim: a white imp (almost dead, 71% to hit)
The stone arrow hits the white imp!!
You kill the white imp!
The centaur misses you. The centaur kicks you.
You die...

,,.....?..#
#.......# ,
######.......#
..$....>.....#####,
.................#,
##.#.....#######.# ,
#.......## #.#
####...#..c.####.# *
.$...#####.....#@#
####.# ####..#.c.# *
)...<............#
###############..#,*
##....... * #.#.###.
#.#...*, *** , * #.#
#.# * * * #.# *.#


You could see a centaur.

Vanquished Creatures
  A black bear (D:5)
  2 hounds
  An orc priest (D:4)
  An adder (D:3)
  A shadow imp (D:4)
  A white imp (D:6)
  2 dart slugs
  9 orcs
  4 endoplasms
  3 giant cockroaches
  2 goblins
  4 hobgoblins
  A jackal (D:1)
  6 kobolds
  2 quokkas
  4 ball pythons
  2 rats
46 creatures vanquished.

Notes
Turn   | Place    | Note
-------+----------+-------------------------------------------
     0 | D:1      | sentinel the Meteoran Earth Elementalist began the quest
                  | for the Orb.
     0 | D:1      | Reached XP level 1. HP: 14/14 MP: 5/5
    23 | D:1      | Reached skill level 4 in Earth Magic
    23 | D:1      | Reached XP level 2. HP: 20/20 MP: 4/6
   161 | D:3      | Reached XP level 3. HP: 26/26 MP: 8/8
   171 | D:3      | Reached skill level 5 in Earth Magic
   202 | D:4      | Found a hazy altar of Hepliaklqana.
   220 | D:4      | Learned a level 2 spell: Passwall
   224 | D:4      | Learned a level 3 spell: Stone Arrow
   233 | D:4      | Reached XP level 4. HP: 24/33 MP: 2/9
   288 | D:4      | Reached skill level 1 in Conjurations
   307 | D:4      | Reached XP level 5. HP: 34/38 MP: 7/10
   319 | D:4      | Found Relett Gyile's Weapon Shoppe.
   364 | D:4      | Found a shadowy altar of Dithmenos.
   388 | D:5      | Entered Level 5 of the Dungeon
   389 | D:5      | Noticed a black bear
   410 | D:5      | Killed a black bear
   411 | D:5      | Reached skill level 6 in Earth Magic
   411 | D:5      | Reached XP level 6. HP: 38/45 MP: 2/12
   530 | D:5      | Found a hide-covered altar of Uskayaw.
   532 | D:5      | Found a stormy altar of Qazlal.
   534 | D:5      | Found a glowing golden altar of the Shining One.
   621 | D:6      | Noticed a centaur
   638 | D:6      | HP: 2/45 [white imp/puff of frost (9)]
   639 | D:6      | Slain by a centaur

Illustrated notes

Levels and vault maps discovered:
D:1:      saegor_arrival_simple_c, layout_loops_ring,
          shapermc_ecumenical_altar_totnotflames, minmay_pentomino_x4
D:2:      minmay_general_purpose_star, layout_loops_ring, st_stairs_6,
          hangedman_decor_push
D:3:      kennysheep_slugbush, layout_loops_corners,
          grunt_temple_overflow_bloody_war, nicolae_yredelemnul_corpse_copse,
          serial_shops, shop_coins, shop, shop,
          nicolae_shop_competitors_out_of_business, shop_scrolls,
          uniq_crazy_yiuf_cottage, uniq_ijyb, uniq_sigmund
D:4:      layout_rooms, nicolae_hepliaklqana_hazy_memory, kennysheep_mini,
          nicolae_take_the_stairs
D:5:      cheibrodos_two_vegetables, layout_cave_pods, nzn_wu_jian_council_hall,
          minitemple, minmay_hollow_rounded_squares
D:6:      kb_forest_paths, layout_basic, minmay_temple_entry_proselytizer

Skill      XL: |  1  2  3  4  5 |
---------------+----------------+-----
Earth Magic    | 4 5 6 |  6.1
Conjurations   | 1 3 |  3.9
Spellcasting   | 3 |  3.9
Dodging        | |  2.4
Stealth        | |  1.4
Transmutations | |  1.2

Action                   |  1- 3 |  4- 6 || total
-------------------------+-------+-------++-------
 Cast: Sandblast         |    36 |    39 ||    75
       Stone Arrow       |       |     5 ||     5
  Use: Scroll            |       |    10 ||    10
Armor: Robe              |     9 |     8 ||    17
Dodge: Dodged            |     9 |    29 ||    38
